 Dungeon Crawl Stone Soup version 0.30-a0-937-ga0a21ad780 (webtiles) character file.

Game seed: 1119903428837514100

2156 kiwi3s the Cleaver (level 9, -10/121 HPs)
             Began as a Minotaur Berserker on Mar 24, 2023.
             Was a Priest of Trog.
             Killed by divine providence
             ... invoked by an orc priest
              (11 damage)
             ... on level 7 of the Dungeon.
             The game lasted 00:06:36 (5297 turns).

kiwi3s the Cleaver (Minotaur Berserker)             Turns: 5297, Time: 00:06:36

Health: -10/121    AC:  9    Str: 27    XL:     9   Next: 10%
Magic:  8/8        EV: 12    Int:  4    God:    Trog [***...]
Gold:   383        SH:  0    Dex:  9    Spells: 8/8 levels left

rFire   . . .      SeeInvis .    a - +0 hand axe
rCold   . . .      Faith    .    (no shield)
rNeg    . . .      Spirit   .    u - +0 scale mail
rPois   .          Reflect  .    (helmet restricted)
rElec   .          Rampage  .    (no cloak)
rCorr   .                        B - +0 pair of gloves
Will    .....                    (no boots) Stlth
                                 (no amulet)
HPRegen 0.40/turn                (no ring)
MPRegen 0.11/turn                (no ring)

@: berserking, very quick
A: horns 2, retaliatory headbutt
a: Renounce Religion, Berserk, Trog's Hand


You were on level 7 of the Dungeon.
You worshipped Trog.
Trog was most pleased with you.
You visited 1 branch of the dungeon, and saw 7 of its levels.

You collected 419 gold pieces.
You spent 36 gold pieces at shops.

Inventory:

Hand Weapons
 a - a +0 hand axe (weapon)
Missiles
 r - 2 throwing nets (quivered)
Armour
 b - a +0 animal skin
 u - a +0 scale mail (worn)
 B - a +0 pair of gloves (worn)
Wands
 q - a wand of paralysis (5)
 v - a wand of polymorph (7)
Scrolls
 d - 3 scrolls of identify {unknown}
 h - a scroll of magic mapping {unknown}
 i - a scroll of immolation
 j - 3 scrolls of teleportation
 l - 4 scrolls of poison {unknown}
 m - 4 scrolls of blinking {unknown}
 p - a scroll of amnesia {unknown}
 s - a scroll of enchant armour {unknown}
 w - 3 scrolls of noise {unknown}
 x - a scroll of torment {unknown}
 y - a scroll of fog {unknown}
 z - a scroll of silence {unknown}
 A - a scroll of enchant weapon {unknown}
Potions
 c - a potion of heal wounds
 e - 4 potions of attraction
 f - 2 potions of magic
 g - 4 potions of resistance {unknown}
 k - a potion of degeneration {unknown}
 n - 6 potions of curing {unknown}
 o - a potion of haste {unknown}
 t - a potion of ambrosia {unknown}


   Skills:
 + Level 8.1 Fighting
 + Level 8.1 Axes
 + Level 7.5 Armour
 + Level 7.0 Dodging


You had 8 spell levels left.
You didn't know any spells.
Your spell library was empty.

Dungeon Overview and Level Annotations

Branches:
Dungeon (7/15)             Temple (0/1) D:5

Altars:
Ashenzari
Cheibriados
Fedhas
Gozag
Kikubaaqudgha
Nemelex Xobeh
Vehumet

Shops:
D:3 *   D:4 :   D:7 :


Innate Abilities, Weirdness & Mutations

You have a pair of horns on your head.
You reflexively headbutt those who attack you in melee.


Message History

The ice beast hits you but does no damage.
You hit the ice beast. You headbutt the ice beast!
The ice beast is heavily wounded.
The ice beast barely misses you.
Unknown command.
You barely miss the ice beast. You headbutt the ice beast.
You punch the ice beast, but do no damage.
The ice beast is heavily wounded.
The ice beast misses you.
Unknown command.
You hit the ice beast but do no damage.
You headbutt the ice beast, but do no damage.
The ice beast is heavily wounded.
The ice beast hits you but does no damage.
You barely miss the ice beast. You headbutt the ice beast.
The ice beast is heavily wounded.
The ice beast hits you. The ice beast freezes you!
Unknown command.
You closely miss the ice beast. Your headbutt misses the ice beast.
The ice beast is heavily wounded.
The ice beast completely misses you.
Unknown command.
You barely miss the ice beast.
The ice beast is heavily wounded.
The ice beast hits you. The ice beast freezes you!
* * * LOW HITPOINT WARNING * * *
You hit the ice beast but do no damage. Your headbutt misses the ice beast.
The ice beast is heavily wounded.
The orc priest calls down the wrath of Beogh upon you.
Beogh smites you!
* * * LOW HITPOINT WARNING * * *
The ice beast hits you.
* * * LOW HITPOINT WARNING * * *
The ice beast freezes you.
* * * LOW HITPOINT WARNING * * *
A red film seems to cover your vision as you go berserk!
You feel yourself moving faster!
You feel mighty!
The orc priest calls down the wrath of Beogh upon you.
Beogh smites you!
You die...

#..# ....# #..#
....# .... #..#
#...# ....
##..###...#....
+.........#..#
#...........#
###..#.....#.
##.......#...
#.#.#.#@#.##
#.####.#Y#.#
##'#..#.....
#######...#..o#... .
#........#....#.....
. #.......#.....#
.... #.
#..##.>.##....# ...
##.##..##...##....#
...
............##....#


You could see an ice beast and an orc priest.

Vanquished Creatures
  A cyclops (D:7)
  A water moccasin (D:6)
  2 sky beasts (D:7)
  An orc warrior (D:7)
  An ice beast (D:7)
  An ogre (D:5)
  2 black bears
  A centaur (D:7)
  2 kobold brigands
  3 bullfrogs
  2 scorpions
  A jelly (D:6)
  2 howler monkeys
  4 hounds
  2 sleepcaps
  Jessica (D:3)
  Ijyb (D:3)
  An iguana (D:7)
  An orc wizard (D:7)
  2 adders
  4 gnolls (D:4)
  A shadow imp (D:5)
  2 white imps
  2 dart slugs
  7 orcs
  2 bats
  2 endoplasms (D:3)
  3 giant cockroaches
  10 hobgoblins
  4 jackals
  25 kobolds
  4 quokkas
  6 ball pythons
  3 frilled lizards
  13 goblins
  6 rats
126 creatures vanquished.

Vanquished Creatures (others)
  An orc wizard (D:7)
  39 plants (D:6)
40 creatures vanquished.

Grand Total: 166 creatures vanquished

Notes
Turn   | Place    | Note
-------+----------+-------------------------------------------
     0 | D:1      | kiwi3s the Minotaur Berserker began the quest for the Orb.
     0 | D:1      | Reached XP level 1. HP: 19/19 MP: 0/0
   113 | D:1      | Reached XP level 2. HP: 27/27 MP: 1/1
   270 | D:1      | Reached ** piety under Trog
   448 | D:2      | You fall into a shaft and drop 2 floors!
   466 | D:4      | Reached XP level 3. HP: 15/33 MP: 2/2
   607 | D:4      | Noticed a black bear
   614 | D:4      | Killed a black bear
   615 | D:4      | Reached XP level 4. HP: 41/41 MP: 3/3
   692 | D:4      | Noticed a scorpion
   697 | D:4      | Killed a scorpion
   698 | D:4      | Reached XP level 5. HP: 47/47 MP: 4/4
   955 | D:4      | Found Ehomnet's Book Shoppe.
   993 | D:4      | Reached skill level 5 in Axes
   994 | D:4      | Reached skill level 5 in Fighting
  1003 | D:4      | Reached XP level 6. HP: 30/56 MP: 5/5
  1003 | D:4      | Found a broken altar of Ashenzari.
  1262 | D:3      | Found Luk Lenk's General Store.
  1268 | D:3      | Bought a potion of attraction for 36 gold pieces
  1317 | D:3      | Found a radiant altar of Vehumet.
  1435 | D:3      | Found a faded altar of an unknown god.
  1558 | D:3      | Noticed Ijyb
  1567 | D:3      | Killed Ijyb
  1805 | D:3      | Found a snail-covered altar of Cheibriados.
  1806 | D:3      | Found an opulent altar of Gozag.
  1854 | D:3      | Noticed Jessica
  1862 | D:3      | Killed Jessica
  2287 | D:5      | Entered Level 5 of the Dungeon
  2537 | D:5      | Reached skill level 5 in Armour
  2537 | D:5      | Reached XP level 7. HP: 37/62 MP: 6/6
  2538 | D:5      | Reached *** piety under Trog
  2949 | D:5      | Found a staircase to the Ecumenical Temple.
  3031 | D:5      | Found a blossoming altar of Fedhas.
  3032 | D:5      | Found an ancient bone altar of Kikubaaqudgha.
  3311 | D:5      | Reached skill level 5 in Dodging
  3777 | D:6      | HP: 3/64 [poisoned by a water moccasin]
  3781 | D:6      | HP: 1/64 [poisoned by a water moccasin]
  4279 | D:6      | Reached XP level 8. HP: 67/71 MP: 7/7
  4710 | D:7      | Noticed a cyclops
  4730 | D:7      | Killed a cyclops
  4747 | D:7      | Found Damiaq's Book Emporium.
  4764 | D:7      | Reached XP level 9. HP: 7/81 MP: 8/8
  5093 | D:7      | Found a sparkling altar of Nemelex Xobeh.
  5296 | D:7      | HP: 1/81 [ice beast (5)]
  5297 | D:7      | Killed from afar by an orc priest

Illustrated notes

Levels and vault maps discovered:
D:1:      wander_arrival_estate, layout_rooms, minmay_tiny_reverse_x
D:2:      layout_loops_ring
D:3:      layout_basic, amcnicky_altar_gilded, gammafunk_temple_overflow_statue,
          chequers_ecumenical_altar_simple, serial_shops,
          nicolae_shop_waterfront, minivault_11, kennysheep_pointless_box,
          uniq_ijyb, uniq_jessica
D:4:      kennysheep_the_goblin_king, layout_cave_pools,
          mainiacjoe_overflow_tiny_flanked, serial_shops,
          nicolae_shop_hallway_plus, dreamdust_princess_corridor
D:5:      layout_loops_ring, grunt_temple_overflow_growth_and_decay,
          minmay_temple_entry_nine_rooms
D:6:      kennysheep_kobold_camp, layout_cave_pools, kennysheep_generic_room_12
D:7:      layout_gridville, mainiacjoe_overflow_24_doors, serial_shops,
          nicolae_inconvenience_store, hangedman_abyss_or_decor_slice,
          minmay_misc_feat_plants, chequers_serial_rivers_room_a, minivault_10,
          minmay_chambers_of_fives

Skill      XL: |  1  2  3  4  5  6  7  8  9 |
---------------+----------------------------+-----
Fighting       | 4 5 6 7 8 |  8.1
Axes           | 4 5 6 7 8 |  8.1
Armour         | 3 4 5 7 |  7.5
Dodging        | 3 4 5 6 7 |  7.0

Action                     |  1- 3 |  4- 6 |  7- 9 || total
---------------------------+-------+-------+-------++-------
  Melee: Hand axe          |    52 |    96 |   157 ||   305
         Headbutt          |    10 |    16 |    30 ||    56
         Punch             |       |       |     3 ||     3
 Invoke: Berserk           |     2 |     2 |     3 ||     7
         Trog's Hand       |       |       |     1 ||     1
    Use: Potion            |       |       |     4 ||     4
         Scroll            |       |       |     2 ||     2
 Armour: Animal skin       |    13 |     7 |     1 ||    21
         Scale mail        |       |       |    72 ||    72
  Dodge: Dodged            |    43 |    64 |    79 ||   186

Table legend: (Time is in decaauts)
 A = Elapsed time spent in this place.
 B = Non-inter-level travel time spent in this place.
 C = Inter-level travel time spent in this place.
 D = Time resting spent in this place.
 E = Time spent auto-exploring this place.
 F = Levels seen in this place.
 G = Mean time per level.
                   A        B        C        D        E       F      G
               +--------+--------+--------+--------+--------+-----+--------+
         Total |   5354 |   5006 |    348 |    421 |   3858 |   7 |  764.9 |
       Dungeon |   5354 |   5006 |    348 |    421 |   3858 |   7 |  764.9 |
               +--------+--------+--------+--------+--------+-----+--------+

Top non-repeatable levels by time:
     D:5: 1232 daAuts
     D:6: 1109 daAuts
     D:3: 1068 daAuts
     D:4: 893 daAuts
     D:7: 597 daAuts
     D:1: 373 daAuts
     D:2: 78 daAuts
